AoeStats
← ElZorro63

Arabia

509470886Analyzed
1v1 RM · 5d ago on Sep 26, 2026· 42m 36s· 2 players
Game mode
Random Map
Map size
Tiny (2 player)
Population
200
Speed
Normal
Resources
Standard
Victory
Conquest
Starting age
Dark Age
Ending age
Imperial Age
RankedLock teamsTeams togetherTeam positionsShared explorationLock speedFull tech treeHidden civsTurbo modeCheats
Victory
Defeat
🇦🇷 Poles · Argentina
1119
+16
🇦🇷 Portuguese · Argentina
1109
-16
franoterot
6:04 Loom
11:04 Feudal Age
11:36 Double-Bit Axe
18:18 Castle Age
18:39 Gold Mining
19:03 Gold Mining
19:34 Bow Saw
19:42 Bloodlines
22:14 Horse Collar
23:04 Scale Barding Armor
23:10 Forging
23:04 Husbandry
27:06 Stone Mining
28:28 Town Watch
29:18 Wheelbarrow
29:48 Fletching
30:19 Chain Barding Armor
30:34 Iron Casting
29:23 Pikeman
29:49 Arson
30:44 Bodkin Arrow
40:55 Imperial Age
ElZorro63
7:05 Loom
9:13 Feudal Age
11:32 Double-Bit Axe
11:28 Horse Collar
18:18 Castle Age
16:53 Gold Mining
18:08 Bloodlines
19:53 Scale Barding Armor
20:24 Husbandry
20:38 Forging
22:34 Szlachta Privileges
24:55 Heavy Plow
27:19 Chain Barding Armor
28:53 Bow Saw
30:11 Wheelbarrow
32:24 Hand Cart
32:55 Town Watch
37:35 Imperial Age
36:40 Stone Mining
37:53 Onager
38:17 Cavalier
41:52 Iron Casting
Connection lost

Rejoining the realm…

Still unreachable

The connection could not be restored.

Session expired

The server has moved on; the page needs a fresh start.